 Dungeon Crawl Stone Soup version 0.16-b1 (webtiles) character file.

269 dysrexia the Slasher (level 6, -3/44 HPs)
             Began as an Octopode Abyssal Knight on Mar 15, 2015.
             Was a Believer of Lugonu.
             Slain by an orc warrior
             ... wielding a +0 hand axe
              (19 damage)
             ... on level 2 of the Dungeon.
             The game lasted 00:13:50 (3229 turns).

dysrexia the Slasher (Octopode Abyssal Knight)      Turns: 3229, Time: 00:13:50

Health: -3/44      AC:  1    Str: 11    XL:     6   Next: 22%
Magic:  7/7        EV: 12    Int: 14    God:    Lugonu [**....]
Gold:   108        SH:  0    Dex: 14    Spells: 0 memorised, 5 levels left

rFire  . . .     SeeInvis .     a - +1 falchion
rCold  . . .     Clarity  .     (no shield)
rNeg   . . .     SustAb   .     (helmet restricted)
rPois  .         Gourm    +     o - amulet of the gourmand
rElec  .         Spirit   .     (no ring)
rCorr  .         Warding  .     (no ring)
rMut   .         Stasis   .     (no ring)
MR     .....                    (no ring)
Stlth  ++........               (no ring)
                                (no ring)
                                (no ring)
                                (no ring)

@: not resistant to hostile enchantments, unstealthy
A: almost no armour, amphibious, 8 rings, constrict 8, camouflage 1, blink 1,
gelatinous body 1
a: Blink, Depart the Abyss, Bend Space, Renounce Religion


You were on level 2 of the Dungeon.
You worshipped Lugonu.
Lugonu was pleased with you.
You were hungry.

You visited 1 branch of the dungeon, and saw 4 of its levels.
You visited the Abyss 1 time.

You collected 108 gold pieces.

Inventory:

Hand weapons
 a - a +1 falchion (weapon)
Missiles
 e - 87 stones (quivered)
 l - 9 poisoned needles
Jewellery
 f - the ring of Birdsong {+Inv rN+ MP-9 AC+4 Str+3, unknown}
   (You found it on level 4 of the Dungeon)

   [ring of protection]

   It affects your AC (+4).
   It affects your strength (+3).
   It protects you from negative energy.
   It affects your magic capacity (-9).
   It lets you turn invisible.
 o - an amulet of the gourmand (around mantle)
Scrolls
 b - a scroll of magic mapping
 d - 3 scrolls of enchant armour
Potions
 g - a potion of poison {unknown}
 h - a potion of cancellation
 i - a potion of flight {unknown}
 k - a potion of restore abilities {unknown}
 m - a potion of heal wounds
 n - a potion of magic {unknown}
 p - a potion of might {unknown}
 q - a potion of haste {unknown}
Comestibles
 c - 3 bread rations
 j - 5 fruits
 s - a royal jelly


   Skills:
 + Level 4.4 Fighting
 - Level 5.3 Long Blades
 - Level 2.3 Dodging
 - Level 2.0 Invocations


You had 5 spell levels left.
You didn't know any spells.

Dungeon Overview and Level Annotations

Branches:
Dungeon (4/15)
 Temple: D:4-7

Altars:

Shops:
D:4 [


Innate Abilities, Weirdness & Mutations

You cannot wear most types of armour.
You are amphibious.
You can wear up to eight rings at the same time.
You can use your tentacles to constrict many enemies at once.
Your skin changes colour to match your surroundings (Stealth).
Your rubbery body absorbs attacks (AC +1).
You can translocate small distances at will.


Message History

You climb upwards.
There is a stone staircase leading down here.
You start resting.
You start resting.
All of the chunks of flesh in your inventory have rotted away.
You start resting.
You are feeling hungry.
Eat which item? (? for menu, Esc to quit)
Okay, then.
You start resting.
There is a stone staircase leading down here.
Found a stone staircase leading down.
You see here a fuming red potion.
q - a fuming red potion
There is a stone staircase leading up here.
The orc warrior hits you with a hand axe!!
You climb upwards.
There is a stone staircase leading down here.
The orc warrior hits you with a hand axe!!
You die...

###################
.)..............@>#
..........#.####o##
##...####.#.#.##.#
#...####.#.#....#
#).....#...#....##
##......##..#.....###
.'.......#..#.).....#
##.......##.#....##.#
.####....##.......#.#


You could see an orc warrior.

Vanquished Creatures
  A hound (D:4)
  An orc priest (D:3)
  An orc wizard (D:3)
  Ijyb (D:2)
  4 adders
  5 gnolls
  4 worms
  A giant gecko (D:1)
  An ooze (D:4)
  An orc (D:3)
  A ball python (D:2)
  10 bats
  A bat skeleton (D:4)
  2 giant cockroaches (D:2)
  6 hobgoblins
  3 jackals (D:1)
  9 kobolds
  11 goblins
  8 rats
71 creatures vanquished.

Notes
Turn   | Place    | Note
--------------------------------------------------------------
     0 | Abyss:1  | dysrexia, the Octopode Abyssal Knight, began the quest for the Orb.
     0 | Abyss:1  | Reached XP level 1. HP: 16/16 MP: 1/1
    30 | Abyss:1  | Noticed a vampire
    30 | D:1      | Escaped the Abyss
   128 | D:1      | Reached XP level 2. HP: 3/21 MP: 2/2
   425 | D:1      | Acquired Lugonu's first power
   678 | D:1      | Reached XP level 3. HP: 26/26 MP: 3/3
   937 | D:2      | Reached skill level 4 in Long Blades
  1253 | D:2      | Noticed Ijyb
  1265 | D:2      | Killed Ijyb
  1265 | D:2      | Reached XP level 4. HP: 21/31 MP: 5/5
  1489 | D:2      | Acquired Lugonu's second power
  1852 | D:2      | Reached skill level 5 in Long Blades
  1856 | D:2      | Reached XP level 5. HP: 5/36 MP: 6/6
  2210 | D:2      | Gained mutation: You can translocate small distances at will. [potion of beneficial mutation]
  2215 | D:3      | Noticed an orc warrior
  2528 | D:4      | Reached XP level 6. HP: 43/43 MP: 7/7
  2550 | D:4      | Found Alad's Armour Shop.
  2916 | D:4      | Got a vibrating glass ring
  3080 | D:4      | Noticed an ogre
  3229 | D:2      | Slain by an orc warrior

Action                   |  1- 3 |  4- 6 || total
-------------------------+-------+-------++-------
Melee: Falchion          |    75 |    90 ||   165
Throw: Stone             |       |    28 ||    28
Invok: Depart the Abyss  |     1 |       ||     1
       Bend Space        |       |     1 ||     1
  Use: Scroll            |     6 |     5 ||    11
       Potion            |       |     3 ||     3
 Stab: Sleeping          |     4 |     2 ||     6
  Eat: Chunk             |       |     7 ||     7
